 Dungeon Crawl Stone Soup version 0.27.0-1-g7a089689b8 (webtiles) character file.

Game seed: 4490983033618179443

23 shadowrider38 the Cutter (level 2, -1/16 HPs)
             Began as a Vine Stalker Fighter on Aug 12, 2021.
             Succumbed to a kobold's poison
             ... on level 1 of the Dungeon.
             The game lasted 00:01:25 (522 turns).

shadowrider38 the Cutter (Vine Stalker Fighter)      Turns: 522, Time: 00:01:25

Health: -1/16      AC:  6    Str: 18    XL:     2   Next: 95%
Magic:  2/3        EV:  7    Int:  8    God:
Gold:   35         SH:  9    Dex: 13    Spells: 1/1 levels left

rFire    . . .     SeeInvis .   a - +0 rapier
rCold    . . .     Faith    .   c - +0 kite shield
rNeg     . . .     Spirit   +   b - +0 scale mail
rPois    .         Reflect  .   (no helmet)
rElec    .         Harm     .   (no cloak)
rCorr    .         Rampage  .   (no gloves)
Will     .....                  (no boots)
Stlth    ..........             (no amulet)
HPRegen  0.05/turn              (no ring)
MPRegen  0.08/turn              (no ring)

@: lethally poisoned (-1 -> -16)
A: fangs 2, magic shield, antimagic bite, no potion heal 2
a: no special abilities


You were on level 1 of the Dungeon.
You visited 1 branch of the dungeon, and saw 1 of its levels.

You collected 35 gold pieces.

Inventory:

Hand Weapons
 a - a +0 rapier (weapon)
Missiles
 g - 14 stones (quivered)
Armour
 b - a +0 scale mail (worn)
 c - a +0 kite shield (worn)
Jewellery
 e - a +6 ring of strength
Scrolls
 f - a scroll of identify {unknown}
Potions
 d - a potion of might


   Skills:
 - Level 2.6 Fighting
 + Level 3.0 Short Blades
 - Level 2.4 Armour
 - Level 2.6 Shields


You had one spell level left.
You didn't know any spells.
Your spell library was empty.

Dungeon Overview and Level Annotations

Branches:
Dungeon (1/15)

Altars:


Innate Abilities, Weirdness & Mutations

You have extremely sharp teeth.
When hurt, damage is shared between your health and your magic reserves.
Your bite disrupts and absorbs the magic of your enemies.
Potions cannot restore your health.


Message History

You puncture the endoplasm!
You kill the endoplasm!
You hit the endoplasm but do no damage. The endoplasm barely misses you.
You block the endoplasm's attack.
You puncture the endoplasm!
You kill the endoplasm!
Your Short Blades skill increases to level 3!
No target in view!
No target in view!
As you open the door, it creaks loudly!
There is an open door here.
You open the door.
There is an open door here.
A kobold comes into view. It is wielding a +1 dagger of venom.
The kobold shouts!
Found a whip.
A kobold is nearby!
A kobold is nearby!
A ball python comes into view.
The ball python hisses angrily.
The kobold hits you but does no damage.
You are poisoned.
You closely miss the kobold.
You feel very sick. The kobold hits you but does no damage.
You are lethally poisoned!
The kobold hits you but does no damage.
You are more poisoned.
You hit the kobold.
You kill the kobold!
Ouch! That really hurt!
You feel extremely sick.
The ball python bites you but does no damage.
You block the ball python's attack.
You are too injured to fight recklessly!
It was a potion of magic.
Magic courses through your body.
* * * LOW HITPOINT WARNING * * *
You feel very sick. The ball python bites you.
You block the ball python's attack.
You closely miss the ball python. Your bite misses the ball python.
You die...

...# #..# #..## ....
#..## #.####...## ..#
#...)S....# #.# #@..#
#.# ##.## #.# #.# #.#
#.# #.# ##'## #.#
##...## #####.##
##.....## #.......
#.......## #...#.##
#.........####.....##


You could see a ball python.

Vanquished Creatures
  A dart slug (D:1)
  4 endoplasms (D:1)
  A hobgoblin (D:1)
  5 bats (D:1)
  4 goblins (D:1)
  4 kobolds (D:1)
19 creatures vanquished.

Notes
Turn   | Place    | Note
-------+----------+-------------------------------------------
     0 | D:1      | shadowrider38 the Vine Stalker Fighter began the quest for
                  | the Orb.
     0 | D:1      | Reached XP level 1. HP: 11/11 MP: 2/2
   160 | D:1      | Reached skill level 2 in Short Blades
   259 | D:1      | Reached XP level 2. HP: 14/16 MP: 3/3
   493 | D:1      | Reached skill level 3 in Short Blades
   522 | D:1      | Succumbed to a kobold's poison

Illustrated notes

Levels and vault maps discovered:
D:1:      lemuel_arrival_funnel, layout_loops_corners, minmay_misc_feat_cross,
          minmay_statues_item

Skill      XL: |  1  2 |
---------------+-------+-----
Short Blades   | 2 3 |  3.0
Fighting       | |  2.6
Armour         | |  2.4
Shields        | |  2.6

Action                   || total
-------------------------++-------
Melee: Rapier            ||    42
       Bite              ||     7
  Use: Potion            ||     1
Armor: Scale mail        ||    17
Dodge: Dodged            ||    13
Block: Kite shield       ||    18
